 Dungeon Crawl Stone Soup version 0.25.1-2-g60ff931df9 (webtiles) character file.

Game seed: 21876636481786566

13179 Johnny the Geomancer (level 11, -4/74 HPs)
             Began as a Demigod Earth Elementalist on Oct 20, 2020.
             Hit by a large rock thrown by a cyclops (16 damage)
             ... on level 11 of the Dungeon.
             The game lasted 00:12:51 (10498 turns).

Johnny the Geomancer (Demigod Earth Elementalist)  Turns: 10498, Time: 00:12:52

Health: -4/74      AC:  7    Str: 11    XL:     11   Next: 44%
Magic:  23/38      EV: 12    Int: 42    God:
Gold:   789        SH:  0    Dex: 18    Spells: 14/29 levels left

rFire    . . .     SeeInvis +   C - +2 flail (drain)
rCold    + . .     Gourm    .   (no shield)
rNeg     . . .     Faith    .   I - +0 leather armour {rC+}
rPois    .         Spirit   .   R - +3 hat of Pondering {ponderous, MR+ MP+10 Int+5}
rElec    .         Reflect  .   (no cloak)
rCorr    .         Harm     .   (no gloves)
MR       +++..                  n - +0 pair of boots
Stlth    ++........             p - amulet of regeneration
HPRegen  0.62/turn              e - +6 ring of intelligence
MPRegen  0.26/turn              w - +6 ring of intelligence

@: slow
A: see invisible, agile 1, high mp 1, magic resistance 1
a: no special abilities


You were on level 11 of the Dungeon.
You were not hungry.

You visited 2 branches of the dungeon, and saw 12 of its levels.

You collected 789 gold pieces.

Inventory:

Hand Weapons
 C - a +2 flail of draining (weapon)
Missiles
 b - 173 stones (quivered)
Armour
 n - a +0 pair of boots (worn)
 I - a +0 leather armour of cold resistance (worn)
 J - +0 swamp dragon scales
 R - the +3 hat of Pondering (worn) {ponderous, MR+ MP+10 Int+5}
   (You took it off Gastronok on level 8 of the Dungeon)

   It affects your intelligence (+5).
   It affects your resistance to hostile enchantments.
   It affects your magic capacity (+10).
Jewellery
 e - a +6 ring of intelligence (left hand)
 g - an uncursed ring of poison resistance {unknown}
 o - an uncursed ring of protection from fire
 p - an amulet of regeneration (around neck)
 w - a +6 ring of intelligence (right hand)
 S - a cursed amulet of inaccuracy {unknown}
 T - a cursed ring of attention {unknown}
Wands
 c - a wand of paralysis (5)
 t - a wand of iceblast (9)
 K - a wand of clouds (3)
 N - a wand of acid (3)
 P - a wand of polymorph (7)
Scrolls
 f - 3 scrolls of enchant armour
 h - 3 scrolls of vulnerability {unknown}
 j - 6 scrolls of teleportation
 l - a scroll of fear
 m - 3 scrolls of amnesia
 q - 8 scrolls of remove curse
 r - a scroll of fog
 v - a scroll of blinking
 y - 2 scrolls of noise {unknown}
 E - 3 scrolls of immolation {unknown}
 F - a scroll of enchant weapon {unknown}
 G - a scroll of summoning {unknown}
 L - 2 scrolls of magic mapping {unknown}
Potions
 a - 2 potions of mutation
 i - 6 potions of curing
 k - 5 potions of degeneration
 s - 2 potions of invisibility
 u - a potion of brilliance {unknown}
 x - 2 potions of heal wounds
 z - a potion of berserk rage {unknown}
 A - 2 potions of ambrosia {unknown}
 B - 3 potions of stabbing {unknown}
 D - 3 potions of lignification {unknown}
 Q - 2 potions of resistance {unknown}
Comestibles
 d - 26 rations


   Skills:
 - Level 1.7 Dodging
 - Level 1.7 Stealth
 + Level 9.5 Spellcasting
 - Level 0.8 Transmutations
 * Level 13.9 Earth Magic


You had 14 spell levels left.
You knew the following spells:

 Your Spells              Type           Power        Failure   Level  Hunger
a - Sandblast             Erth           ######       0%          1    None
b - Stone Arrow           Conj/Erth      ######       1%          3    None
c - Lee's Rapid Deconstr  Erth           #######...   1%          5    #......
d - Petrify               Tmut/Erth      ######..     1%          4    None
e - Blink                 Tloc           N/A          3%          2    None

Your spell library contained the following spells:

 Spells                   Type           Power        Failure   Level  Hunger
 Passwall                 Tmut/Erth      ######..     1%          2    None
 Freeze                   Ice            ###.         2%          1    None
 Magic Dart               Conj           ###.         2%          1    None
 Call Imp                 Summ           ###.....     3%          2    None
 Searing Ray              Conj           ###...       3%          2    None
 Slow                     Hex            ###.....     3%          2    None
 Conjure Flame            Conj/Fire      ###.....     6%          3    None
 Dazzling Flash           Conj/Hex       ###...       6%          3    None
 Frozen Ramparts          Ice            ###...       6%          3    None
 Mephitic Cloud           Conj/Pois/Air  ###.....     6%          3    None
 Ozocubu's Armour         Chrm/Ice       ###.....     6%          3    None
 Fulminant Prism          Conj/Hex       ###.......   22%         4    None
 Hailstorm                Conj/Ice       ###.....     22%         4    None
 Iskenderun's Mystic Bla  Conj/Tloc      ###.....     22%         4    None
 Summon Ice Beast         Ice/Summ       ###.....     22%         4    None


Dungeon Overview and Level Annotations

Branches:
Dungeon (11/15)            Temple (1/1) D:7            Lair (0/6) D:8
    Orc: D:9-12

Shops:
D:5 *   D:8 (   D:10 }


Innate Abilities, Weirdness & Mutations

You have an increased reservoir of magic. (+10% MP)
You have supernaturally acute eyesight. (SInv)
You are agile. (Dex +2)
You are resistant to hostile enchantments. (MR+)


Message History

The blast of rock fragments hits the adder!!!
You kill the adder!
The blast of rock fragments hits the bullfrog!!!
You kill the bullfrog!
The blast of rock fragments hits the cyclops!!
The cyclops is heavily wounded.
The cyclops throws a large rock.
The large rock hits you!!!
Ouch! That really hurt!
* * * LOW HITPOINT WARNING * * *
Unknown command.
Casting: Lee's Rapid Deconstruction (mildly dangerous; 1% risk of failure)
Confirm with . or Enter, or press ? or * to list all spells.
Aiming: Lee's Rapid Deconstruction (mildly dangerous; 1% risk of failure)
Press: ? - help, Dir - move target cursor A rock wall.
The wall shatters!
The blast of rock fragments hits the cyclops!!
The cyclops is almost dead.
The cyclops throws a large rock.
The large rock hits you!
You die...

##########.
###########..........
#................##
#...#####........#
#...# #........#
#...# #.......@#
#...# #..#####.#
....## #..# #.#
...........# #.#
######.....#
#†#######+ ...
#C........
...#####.........
...).............
.................


You could see a cyclops.

Vanquished Creatures
  Gastronok (D:8)
  Snorg (D:10)
  A centaur warrior (D:8)
  Urug (D:11)
  An unseen horror (D:11)
  An oklob plant (D:5)
  Maggie (D:6)
  2 trolls (D:9)
  A hornet (D:9)
  Grinder (D:4)
  2 wyverns
  10 yaks
  A basilisk (D:8)
  A steam dragon (D:11)
  2 vampire mosquitoes (D:8)
  Edmund (D:4)
  Duvessa (D:6)
  2 water moccasins
  3 porcupines (D:8)
  5 ice beasts
  2 black bears (D:8)
  A sky beast (D:5)
  2 phantoms
  3 orc warriors
  2 wolves (D:8)
  2 necrophages
  3 centaurs
  5 crocodiles (D:8)
  4 ogres
  Blork the orc (D:4)
  5 bullfrogs
  Dowan (D:6)
  2 scorpions
  A wyvern skeleton (D:7)
  A water moccasin skeleton (D:4)
  A killer bee (D:8)
  5 wights
  A howler monkey (D:8)
  5 crimson imps
  A quasit (D:9)
  5 hounds
  4 jellies
  3 orc priests
  9 orc wizards
  8 worker ants
  3 hound skeletons
  A howler monkey zombie (D:3)
  A worker ant zombie (D:8)
  7 gnolls
  A howler monkey skeleton (D:8)
  13 adders
  2 shadow imps (D:6)
  6 oozes
  2 adder skeletons
  An adder zombie (D:6)
  4 worms
  7 leopard geckos
  22 orcs
  4 giant cockroaches
  9 goblins
  6 hobgoblins
  12 jackals
  4 quokkas
  3 ball pythons
  7 bats
  9 frilled lizards
  3 kobolds
  10 rats
  A plant (D:5)
254 creatures vanquished.

Notes
Turn   | Place    | Note
-------+----------+-------------------------------------------
     0 | D:1      | Johnny the Demigod Earth Elementalist began the quest for
                  | the Orb.
     0 | D:1      | Reached XP level 1. HP: 14/14 MP: 5/5
    58 | D:1      | Reached skill level 3 in Earth Magic
   187 | D:1      | Reached XP level 2. HP: 13/20 MP: 5/7
  1004 | D:2      | Reached XP level 3. HP: 23/26 MP: 9/9
  1205 | D:2      | Reached skill level 4 in Earth Magic
  1383 | D:3      | Reached XP level 4. HP: 33/33 MP: 8/10
  1956 | D:3      | Reached XP level 5. HP: 35/38 MP: 10/12
  2339 | D:4      | Reached skill level 5 in Earth Magic
  2544 | D:4      | Noticed a phantom
  2557 | D:4      | Learned a level 3 spell: Stone Arrow
  2561 | D:4      | Killed a phantom
  2561 | D:4      | Reached XP level 6. HP: 45/45 MP: 8/14
  2666 | D:4      | Reached skill level 6 in Earth Magic
  2745 | D:4      | Noticed Edmund
  2756 | D:4      | Killed Edmund
  2884 | D:4      | Reached XP level 7. HP: 36/50 MP: 16/16
  3006 | D:4      | Noticed Blork the orc
  3015 | D:4      | Killed Blork the orc
  3030 | D:4      | Noticed Grinder
  3035 | D:4      | Paralysed by Grinder for 5 turns
  3044 | D:4      | Paralysed by Grinder for 7 turns
  3051 | D:4      | Killed Grinder
  3051 | D:4      | Reached skill level 7 in Earth Magic
  3710 | D:5      | Entered Level 5 of the Dungeon
  3717 | D:5      | Reached skill level 5 in Spellcasting
  3717 | D:5      | Reached XP level 8. HP: 54/57 MP: 19/19
  3743 | D:5      | Reached skill level 8 in Earth Magic
  4083 | D:5      | Found Qesick's Assorted Antiques.
  4241 | D:5      | Found a blossoming altar of Fedhas.
  4285 | D:5      | Noticed an oklob plant
  4393 | D:5      | Killed an oklob plant
  4393 | D:5      | Reached skill level 9 in Earth Magic
  4836 | D:5      | Learned a level 5 spell: Lee's Rapid Deconstruction
  4841 | D:5      | Learned a level 4 spell: Petrify
  4844 | D:5      | Learned a level 2 spell: Blink
  5118 | D:6      | Reached XP level 9. HP: 26/62 MP: 14/22
  5118 | D:6      | Noticed Dowan
  5131 | D:6      | Killed Dowan
  5362 | D:6      | Noticed Duvessa
  5364 | D:6      | Killed Duvessa
  5364 | D:6      | Reached skill level 10 in Earth Magic
  5572 | D:6      | Noticed Maggie
  5580 | D:6      | Killed Maggie
  5930 | D:6      | Found a shimmering altar of Xom.
  5932 | D:6      | Found a shimmering altar of Xom.
  5932 | D:6      | Found an iron altar of Okawaru.
  5934 | D:6      | Found a shimmering altar of Xom.
  5934 | D:6      | Found an iron altar of Okawaru.
  5934 | D:6      | Found a basalt altar of Yredelemnul.
  6040 | D:6      | Found a shadowy altar of Dithmenos.
  6322 | D:7      | Found a staircase to the Ecumenical Temple.
  6962 | Temple   | Entered the Ecumenical Temple
  6989 | D:8      | Found a staircase to the Lair.
  7000 | D:8      | Reached skill level 11 in Earth Magic
  7252 | D:8      | Reached XP level 10. HP: 69/69 MP: 21/25
  7258 | D:8      | Noticed Gastronok
  7274 | D:8      | HP: 2/69 [Gastronok (35)]
  7683 | D:8      | Found a radiant altar of Vehumet.
  7752 | D:8      | Found a transporter.
  7754 | D:8      | Noticed a centaur warrior
  7765 | D:8      | Found a transporter.
  8057 | D:8      | Found Ylucvev's Weapon Boutique.
  8298 | D:8      | Killed Gastronok
  8298 | D:8      | Reached skill level 12 in Earth Magic
  8521 | D:8      | Killed a centaur warrior
  8553 | D:8      | Got an ichor-stained chain mail
  8588 | D:8      | Identified the +8 chain mail of Dedwenn {Int+2} (You found
                  | it on level 8 of the Dungeon)
  9118 | D:9      | Reached skill level 13 in Earth Magic
  9136 | D:9      | Reached XP level 11. HP: 74/74 MP: 28/28
  9231 | D:9      | Found a glowing silver altar of Zin.
  9321 | D:9      | Found a sacrificial altar of Ru.
 10162 | D:10     | Entered Level 10 of the Dungeon
 10162 | D:10     | Found Xahehac's Gadget Shoppe.
 10191 | D:10     | Noticed Snorg
 10200 | D:10     | Killed Snorg
 10200 | D:10     | Noticed a two-headed ogre
 10227 | D:11     | Noticed Urug
 10228 | D:11     | Gained mutation: You have supernaturally acute eyesight.
                  | (SInv) [potion of mutation]
 10228 | D:11     | Gained mutation: You are resistant to hostile enchantments.
                  | (MR+) [potion of mutation]
 10228 | D:11     | Gained mutation: You are agile. (Dex +2) [potion of
                  | mutation]
 10239 | D:11     | Killed Urug
 10405 | D:11     | Noticed an unseen horror
 10408 | D:11     | Killed an unseen horror
 10498 | D:11     | Hit by a large rock thrown by a cyclops

Illustrated notes

Levels and vault maps discovered:
D:1:      evilmike_arrival_crescent, layout_rooms, minmay_pentomino_s2
D:2:      layout_rooms, first_ration
D:3:      layout_basic
D:4:      layout_loops_ring, minmay_joined_circles, uniq_edmund,
          uniq_blork_the_orc, uniq_grinder
D:5:      layout_rooms, tgw_fedhas, serial_shops,
          nicolae_shop_overgrown_old_shop
D:6:      layout_loops_ring, lemuel_round_altar, ebering_dispersal_statue_hall,
          doesnt_xom_only_xom, uniq_maggie, uniq_duvessa
D:7:      layout_loops_ring, minmay_temple_entry_junction_2
D:8:      gammafunk_sealed_arena, layout_basic, minmay_lair_entry_grove,
          serial_shops, shop, hangedman_little_slice_of_home,
          minmay_ruined_shrine, uniq_gastronok
D:9:      layout_basic, nicolae_ru_path_of_blood, lemuel_doored_altar,
          minmay_misc_feat_alley, grunt_decor_resistance,
          kennysheep_generic_room_11
D:10:     layout_irregular_city, zombieorc2_lemuel, serial_shops,
          nicolae_shop_waterfront, sword_in_stone, uniq_snorg
D:11:     layout_irregular_city, ebering_ghost_reflecting_pool, hex_medium,
          uniq_urug
Temple:   dpeg_five_rooms_temple

Skill      XL: |  1  2  3  4  5  6  7  8  9 10 11 |
---------------+----------------------------------+-----
Earth Magic    | 3 4 5 6 7 9 11 13 | 13.9
Spellcasting   | 2 3 4 5 6 7 8 9 |  9.5
Dodging        | |  1.7
Stealth        | |  1.7
Transmutations | |  0.8

Action                   |  1- 3 |  4- 6 |  7- 9 | 10-12 || total
-------------------------+-------+-------+-------+-------++-------
Melee: Unarmed           |    18 |       |       |       ||    18
       Mace              |    58 |   101 |       |       ||   159
       Flail             |       |     9 |   213 |   123 ||   345
 Cast: Sandblast         |    25 |    47 |    70 |    46 ||   188
       Stone Arrow       |       |     4 |    32 |    45 ||    81
       Lee's Rapid Decon |       |       |     7 |    19 ||    26
       Petrify           |       |       |       |     2 ||     2
Evoke: Wand              |       |       |       |    11 ||    11
  Use: Potion            |       |     2 |       |     5 ||     7
       Scroll            |       |       |     8 |     2 ||    10
 Stab: Sleeping          |     2 |     3 |     7 |     4 ||    16
  Eat: Chunk             |     2 |     5 |    15 |     6 ||    28
       Ration            |       |       |       |     2 ||     2
Armor: Robe              |    33 |    35 |    31 |       ||    99
       Leather armour    |       |       |    37 |    61 ||    98
Dodge: Dodged            |    89 |   102 |   173 |   119 ||   483
